 Dungeon Crawl Stone Soup version 0.29.0-4-gdea44cf6ec (webtiles) character file.

Game seed: 10783463896100614097

861 qw the Chopper (level 8, 0/67 HPs)
             Began as a Ghoul Summoner on Sept 9, 2022.
             Slain by an orc warrior
             ... wielding a +0 morningstar
              (4 damage)
             ... on level 5 of the Dungeon.
             The game lasted 00:02:15 (4448 turns).

qw the Chopper (Ghoul Summoner)                     Turns: 4448, Time: 00:02:16

Health: 0/67       AC: 16    Str: 14    XL:     8   Next: 2%
Magic:  9/9        EV: 11    Int: 14    God:
Gold:   107        SH:  5    Dex: 19    Spells: 9/10 levels left

rFire   . . .      SeeInvis +   Y - +0 hand axe (freeze)
rCold   + . .      Faith    .   (no shield)
rNeg    + + +      Spirit   .   g - +9 ring mail "Danub" {Rampage}
rPois   inf        Reflect  +   m - +0 helmet
rElec   .          Harm     .   (no cloak)
rCorr   .          Rampage  +   i - +0 pair of gloves "Ufesagh" {Dex+4}
Will    .....                   (no boots)
Stlth   ++........              e - amulet "Gioc Inokh" {Reflect rPois Int+4 Dex+6 SH+5}
HPRegen 0.00/turn               b - ring of see invisible
MPRegen 0.11/turn               (no ring)

@: inhibited regen
A: claws 1, cold resistance 1, negative energy resistance 3, inhibited
regeneration, torment resistance 2, devour on kill
a: no special abilities


You were on level 5 of the Dungeon.
You visited 1 branch of the dungeon, and saw 5 of its levels.

You collected 261 gold pieces.
You spent 154 gold pieces at shops.


Innate Abilities, Weirdness & Mutations

You are immune to poison.
You have sharp fingernails.
Your flesh is cold resistant. (rC+)
You are immune to negative energy. (rN+++)
You do not regenerate when monsters are visible.
You are immune to unholy pain and torment.
You thrive by killing the living.


   Skills:
 - Level 4.5 Fighting
 + Level 6.0 Axes
 - Level 1.3 Throwing
 - Level 1.2 Armour
 - Level 2.7 Dodging
 - Level 2.1 Stealth
 - Level 1.7 Spellcasting
 - Level 3.6 Summonings


You had 9 spell levels left.
You knew the following spells:

 Your Spells              Type           Power      Damage    Failure   Level
a - Summon Small Mammal   Summ           44%        N/A       12%         1

Your spell library contained the following spells:

 Spells                   Type           Power      Damage    Failure   Level
 Call Imp                 Summ           11%        N/A       17%         2
 Call Canine Familiar     Summ           11%        N/A       34%         3
 Summon Guardian Golem    Hex/Summ       6%         N/A       58%         3
 Summon Lightning Spire   Summ/Air       6%         N/A       94%         4

Inventory:

Hand Weapons
 h - a +0 mace
 Y - a +0 hand axe of freezing (weapon)
Missiles
 d - 8 boomerangs (quivered)
 p - 4 silver boomerangs
Armour
 g - the +9 ring mail "Danub" (worn) {Rampage}
   (You found it on level 2 of the Dungeon)

   Rampage:   It bestows one free step when moving towards enemies.
 i - the +0 pair of gloves "Ufesagh" (worn) {Dex+4}
   (You found it on level 3 of the Dungeon)

   Dex:       It affects your dexterity (+4).
 m - a +0 helmet (worn)
Jewellery
 b - a ring of see invisible (left hand)
 e - the amulet "Gioc Inokh" (around neck) {Reflect rPois Int+4 Dex+6 SH+5}
   (You found it on level 4 of the Dungeon)

   [amulet of reflection]

   It reflects blocked missile attacks.
   Int:       It affects your intelligence (+4).
   Dex:       It affects your dexterity (+6).
   rPois:     It protects you from poison.
   SH:        It affects your SH (+5).
Scrolls
 c - a scroll of identify
Potions
 a - a potion of cancellation
 k - a potion of mutation
 o - a potion of resistance {unknown}
 q - a potion of flight {unknown}

Dungeon Overview and Level Annotations

Branches:
Dungeon (5/15)
 Temple: D:4-7

Altars:
Kikubaaqudgha

Shops:
D:4 !

Annotations:
D:5 Sigmund


Message History

You hit the orc warrior but do no damage.
The shadow imp barely misses you. You block Sigmund's attack.
The orc warrior hits you with a +0 morningstar!
You hit the shadow imp but do no damage.
The shadow imp is almost dead.
You hit the orc warrior but do no damage.
The shadow imp hits you but does no damage.
You block the orc warrior's attack.
You barely miss the shadow imp.
The shadow imp is almost dead.
You completely miss the orc warrior. Sigmund closely misses you.
The orc warrior misses you.
The shadow imp hits you but does no damage.
You closely miss the shadow imp.
The shadow imp is almost dead.
You hit the orc warrior but do no damage.
The orc warrior hits you with a +0 morningstar.
You block the shadow imp's attack. Sigmund barely misses you.
You barely miss the shadow imp.
The shadow imp is almost dead.
You hit the orc warrior. You freeze the orc warrior.
The shadow imp closely misses you. The orc warrior barely misses you.
You hit the shadow imp.
You kill the shadow imp!
You hit the orc warrior. You freeze the orc warrior.
Sigmund hits you but does no damage.
The orc warrior hits you with a +0 morningstar!
Your Axes skill increases to level 6!
You hit the orc warrior but do no damage.
The orc warrior is heavily wounded.
Sigmund gestures at you while chanting.
The magic dart hits you but does no damage.
The orc warrior hits you but does no damage.
You hit the orc warrior. You freeze the orc warrior.
The orc warrior is severely wounded.
Sigmund hits you but does no damage. The orc warrior barely misses you.
You hit the orc warrior but do no damage.
The orc warrior is severely wounded.
The orc warrior hits you with a +0 morningstar.
You die...

#.#..........#####
#....#######.##<##
.###..#.....#.##... .....
......#.)...#.##### .....
.####.#.._..'.# ......
......#.....#.# ......
#####.#.....#.#####
......######.#######....[#
#......o@...........###.#
#...[..))).....#...## #.#
#....)@........#...####.#
#.........<...##......#.#
###########.......##....#
######...#..### ##.#...#
#.#<.## #.##.#


You could see an orc warrior and Sigmund (invisible).

Vanquished Creatures
  Grinder (D:4)
  Menkaure (D:4)
  An ice beast (D:5)
  A scorpion (D:4)
  A hound (D:4)
  Ijyb (D:4)
  An iguana (D:5)
  5 orc wizards
  Robin (D:4)
  6 adders
  A shadow imp (D:5)
  An ufetubus (D:3)
  2 dart slugs
  3 orcs
  8 ball pythons
  3 endoplasms
  2 giant cockroaches
  8 goblins
  8 hobgoblins
  2 quokkas
  A bat (D:3)
  A frilled lizard (D:2)
  6 kobolds
  5 rats
70 creatures vanquished.

Vanquished Creatures (collateral kills)
  3 adders
  2 orcs
  A ball python (D:1)
  2 bats
  An endoplasm (D:2)
  A hobgoblin (D:1)
  A kobold (D:2)
  3 frilled lizards
  2 rats
16 creatures vanquished.

Grand Total: 86 creatures vanquished

Notes
Turn   | Place    | Note
-------+----------+-------------------------------------------
     0 | D:1      | qw the Ghoul Summoner began the quest for the Orb.
     0 | D:1      | Reached XP level 1. HP: 14/14 MP: 2/2
     0 | D:1      | 0 ||| qw: Version: 0.1-a-113-g051387a
     0 | D:1      | 0 ||| qw: Game counter: 6939
     0 | D:1      | 0 ||| qw: Always use a shield: true
     0 | D:1      | 0 ||| qw: God list: Okawaru
     0 | D:1      | 0 ||| qw: Allow faded altars: false
     0 | D:1      | 0 ||| qw: Do Orc after D:15 true
     0 | D:1      | 0 ||| qw: Do second Lair branch before Depths: true
     0 | D:1      | 0 ||| qw: Lair rune preference: random
     0 | D:1      | 0 ||| qw: Plans: Normal
     0 | D:1      | 0 ||| PLANNING D:1-11
    56 | D:1      | 56 ||| CASTING Summon Small Mammal
    57 | D:1      | 57 ||| CASTING Summon Small Mammal
    91 | D:1      | 91 ||| CASTING Summon Small Mammal
    92 | D:1      | 92 ||| CASTING Summon Small Mammal
    96 | D:1      | 96 ||| Stepping ~*~*~tactically~*~*~ (hiding).
    98 | D:1      | 98 ||| Stepping ~*~*~tactically~*~*~ (stealth).
   103 | D:1      | 103 ||| CASTING Summon Small Mammal
   109 | D:1      | Reached skill level 1 in Axes
   115 | D:1      | 115 ||| CASTING Summon Small Mammal
   117 | D:1      | Reached XP level 2. HP: 22/22 MP: 0/3
   118 | D:1      | Reached skill level 1 in Fighting
   167 | D:1      | 167 ||| CASTING Summon Small Mammal
   168 | D:1      | 168 ||| CASTING Summon Small Mammal
   169 | D:1      | 169 ||| CASTING Summon Small Mammal
   179 | D:1      | 179 ||| CASTING Summon Small Mammal
   329 | D:1      | 329 ||| CASTING Summon Small Mammal
   330 | D:1      | 330 ||| CASTING Summon Small Mammal
   331 | D:1      | 331 ||| CASTING Summon Small Mammal
   341 | D:1      | 341 ||| CASTING Summon Small Mammal
   390 | D:1      | 390 ||| Wielding weapon +0 hand axe.
   412 | D:1      | 412 ||| CASTING Summon Small Mammal
   413 | D:1      | 413 ||| CASTING Summon Small Mammal
   414 | D:1      | 414 ||| CASTING Summon Small Mammal
   534 | D:1      | 534 ||| CASTING Summon Small Mammal
   535 | D:1      | 535 ||| CASTING Summon Small Mammal
   536 | D:1      | 536 ||| CASTING Summon Small Mammal
   669 | D:1      | 669 ||| CASTING Summon Small Mammal
   798 | D:1      | 798 ||| UPGRADING to +0 leather armour.
   808 | D:1      | 808 ||| DROPPING +0 robe.
   809 | D:1      | 809 ||| UPGRADING to amulet of reflection.
   814 | D:1      | 814 ||| DROPPING amulet of the acrobat.
   815 | D:1      | 815 ||| READING scroll labelled YREANN COSUTUH.
   816 | D:1      | 816 ||| READING scroll labelled LEGIOR XUYZ.
   817 | D:1      | 817 ||| DROPPING potion of magic.
   839 | D:2      | 839 ||| CASTING Summon Small Mammal
   840 | D:2      | 840 ||| STAIRDANCE
   842 | D:2      | 842 ||| STAIRDANCE
   853 | D:2      | 853 ||| STAIRDANCE
   914 | D:2      | 914 ||| STAIRDANCE
  1087 | D:2      | 1087 ||| STAIRDANCE
  1135 | D:2      | 1135 ||| CASTING Summon Small Mammal
  1136 | D:2      | 1136 ||| CASTING Summon Small Mammal
  1137 | D:2      | 1137 ||| CASTING Summon Small Mammal
  1195 | D:2      | 1195 ||| CASTING Summon Small Mammal
  1196 | D:2      | 1196 ||| CASTING Summon Small Mammal
  1197 | D:2      | 1197 ||| CASTING Summon Small Mammal
  1209 | D:2      | Reached skill level 2 in Axes
  1209 | D:2      | Reached XP level 3. HP: 24/28 MP: 1/4
  1279 | D:2      | 1279 ||| CASTING Summon Small Mammal
  1280 | D:2      | 1280 ||| CASTING Summon Small Mammal
  1281 | D:2      | 1281 ||| CASTING Summon Small Mammal
  1282 | D:2      | 1282 ||| CASTING Summon Small Mammal
  1350 | D:2      | 1350 ||| DROPPING +0 club.
  1356 | D:2      | Identified the +9 ring mail "Danub" {Rampage}
  1374 | D:2      | 1374 ||| CASTING Summon Small Mammal
  1375 | D:2      | 1375 ||| CASTING Summon Small Mammal
  1376 | D:2      | 1376 ||| CASTING Summon Small Mammal
  1377 | D:2      | 1377 ||| CASTING Summon Small Mammal
  1434 | D:2      | 1434 ||| CASTING Summon Small Mammal
  1435 | D:2      | 1435 ||| CASTING Summon Small Mammal
  1436 | D:2      | 1436 ||| CASTING Summon Small Mammal
  1437 | D:2      | 1437 ||| CASTING Summon Small Mammal
  1503 | D:2      | 1503 ||| CASTING Summon Small Mammal
  1504 | D:2      | 1504 ||| CASTING Summon Small Mammal
  1505 | D:2      | 1505 ||| CASTING Summon Small Mammal
  1506 | D:2      | 1506 ||| CASTING Summon Small Mammal
  1548 | D:2      | 1548 ||| CASTING Summon Small Mammal
  1664 | D:2      | 1664 ||| CASTING Summon Small Mammal
  1665 | D:2      | 1665 ||| CASTING Summon Small Mammal
  1666 | D:2      | 1666 ||| CASTING Summon Small Mammal
  1667 | D:2      | 1667 ||| CASTING Summon Small Mammal
  1710 | D:2      | 1710 ||| CASTING Summon Small Mammal
  1711 | D:2      | 1711 ||| CASTING Summon Small Mammal
  1712 | D:2      | 1712 ||| CASTING Summon Small Mammal
  1713 | D:2      | 1713 ||| CASTING Summon Small Mammal
  1763 | D:2      | 1763 ||| CASTING Summon Small Mammal
  1764 | D:2      | 1764 ||| CASTING Summon Small Mammal
  1765 | D:2      | 1765 ||| CASTING Summon Small Mammal
  1766 | D:2      | 1766 ||| CASTING Summon Small Mammal
  1779 | D:2      | Reached XP level 4. HP: 35/36 MP: 1/5
  1831 | D:2      | 1831 ||| CASTING Summon Small Mammal
  1920 | D:2      | 1920 ||| CASTING Summon Small Mammal
  1921 | D:2      | 1921 ||| CASTING Summon Small Mammal
  1922 | D:2      | 1922 ||| CASTING Summon Small Mammal
  1923 | D:2      | 1923 ||| CASTING Summon Small Mammal
  1924 | D:2      | 1924 ||| CASTING Summon Small Mammal
  2007 | D:2      | 2007 ||| CASTING Summon Small Mammal
  2008 | D:2      | 2008 ||| CASTING Summon Small Mammal
  2009 | D:2      | 2009 ||| CASTING Summon Small Mammal
  2010 | D:2      | 2010 ||| CASTING Summon Small Mammal
  2011 | D:2      | 2011 ||| CASTING Summon Small Mammal
  2019 | D:2      | 2019 ||| CASTING Summon Small Mammal
  2030 | D:2      | 2030 ||| CASTING Summon Small Mammal
  2220 | D:2      | 2220 ||| UPGRADING to +9 ring mail "Danub" {Rampage}.
  2230 | D:2      | 2230 ||| DROPPING +0 leather armour.
  2231 | D:2      | 2231 ||| UPGRADING to ring of see invisible.
  2232 | D:2      | 2232 ||| READING scroll labelled NIASAN MAEH.
  2233 | D:2      | 2233 ||| READING scroll labelled NEARYO QALEZXO.
  2234 | D:2      | 2234 ||| READING 2 scrolls of identify.
  2234 | D:2      | 2234 ||| IDENTIFYING fizzy inky potion
  2235 | D:2      | 2235 ||| DROPPING potion of ambrosia.
  2258 | D:3      | 2258 ||| STAIRDANCE
  2278 | D:3      | 2278 ||| STAIRDANCE
  2426 | D:3      | Found a faded altar of an unknown god.
  2429 | D:3      | Identified the +0 pair of gloves "Ufesagh" {Dex+4}
  2440 | D:3      | 2440 ||| CASTING Summon Small Mammal
  2441 | D:3      | 2441 ||| Stepping ~*~*~tactically~*~*~ (stealth).
  2463 | D:3      | 2463 ||| CASTING Summon Small Mammal
  2464 | D:3      | 2464 ||| CASTING Summon Small Mammal
  2465 | D:3      | 2465 ||| CASTING Summon Small Mammal
  2472 | D:3      | Reached skill level 3 in Axes
  2601 | D:3      | 2601 ||| CASTING Summon Small Mammal
  2602 | D:3      | 2602 ||| CASTING Summon Small Mammal
  2603 | D:3      | 2603 ||| CASTING Summon Small Mammal
  2604 | D:3      | 2604 ||| Stepping ~*~*~tactically~*~*~ (stealth).
  2605 | D:3      | 2605 ||| CASTING Summon Small Mammal
  2612 | D:3      | 2612 ||| CASTING Summon Small Mammal
  2613 | D:3      | 2613 ||| CASTING Summon Small Mammal
  2708 | D:3      | 2708 ||| CASTING Summon Small Mammal
  2709 | D:3      | 2709 ||| Stepping ~*~*~tactically~*~*~ (stealth).
  2712 | D:3      | 2712 ||| CASTING Summon Small Mammal
  2722 | D:3      | 2722 ||| CASTING Summon Small Mammal
  2754 | D:3      | 2754 ||| CASTING Summon Small Mammal
  2755 | D:3      | 2755 ||| CASTING Summon Small Mammal
  2756 | D:3      | 2756 ||| Stepping ~*~*~tactically~*~*~ (stealth).
  2757 | D:3      | 2757 ||| CASTING Summon Small Mammal
  2774 | D:3      | Reached XP level 5. HP: 41/41 MP: 4/6
  2823 | D:3      | 2823 ||| CASTING Summon Small Mammal
  2824 | D:3      | 2824 ||| CASTING Summon Small Mammal
  2883 | D:3      | 2883 ||| UPGRADING to +0 pair of gloves "Ufesagh" {Dex+4}.
  2888 | D:3      | 2888 ||| DROPPING +6 ring of intelligence.
  2889 | D:3      | 2889 ||| READING scroll labelled PAOBEU XOAXUINK.
  2894 | D:3      | 2894 ||| READING scroll labelled WYRUEPNUJU.
  2895 | D:3      | 2895 ||| DRINKING 2 ruby potions.
  2896 | D:3      | 2896 ||| READING 2 scrolls of identify.
  2896 | D:3      | 2896 ||| IDENTIFYING clear potion
  2897 | D:3      | 2897 ||| DROPPING potion of brilliance.
  2903 | D:4      | 2903 ||| CASTING Summon Small Mammal
  2955 | D:4      | Found Faho's Distillery.
  2958 | D:4      | 2958 ||| BUYING potion of cancellation (112 gold).
  2958 | D:4      | Bought a potion of cancellation for 112 gold pieces
  2958 | D:4      | 2958 ||| BUYING potion of curing (42 gold).
  2958 | D:4      | Bought a potion of curing for 42 gold pieces
  2958 | D:4      | 2958 ||| SHOPLISTING potion of haste (140 gold, have 5).
  2958 | D:4      | 2958 ||| SHOPLISTING potion of heal wounds (70 gold, have
                  | 5).
  2974 | D:4      | Noticed Grinder
  2974 | D:4      | Paralysed by Grinder for 5 turns
  2991 | D:4      | 2991 ||| Stepping ~*~*~tactically~*~*~ (hiding).
  2998 | D:4      | Paralysed by Grinder for 2 turns
  3004 | D:4      | Paralysed by Grinder for 2 turns
  3016 | D:4      | Paralysed by Grinder for 5 turns
  3021 | D:4      | 3021 ||| Stepping ~*~*~tactically~*~*~ (hiding).
  3022 | D:4      | 3022 ||| Stepping ~*~*~tactically~*~*~ (hiding).
  3023 | D:4      | 3023 ||| Stepping ~*~*~tactically~*~*~ (hiding).
  3024 | D:4      | 3024 ||| Stepping ~*~*~tactically~*~*~ (hiding).
  3028 | D:4      | Paralysed by Grinder for 4 turns
  3036 | D:4      | 3036 ||| Stepping ~*~*~tactically~*~*~ (hiding).
  3038 | D:4      | 3038 ||| Stepping ~*~*~tactically~*~*~ (hiding).
  3039 | D:4      | 3039 ||| Stepping ~*~*~tactically~*~*~ (hiding).
  3041 | D:4      | Paralysed by Grinder for 2 turns
  3046 | D:4      | Killed Grinder
  3047 | D:4      | Reached skill level 5 in Axes
  3047 | D:4      | Reached XP level 6. HP: 19/48 MP: 7/7
  3259 | D:4      | 3259 ||| CASTING Summon Small Mammal
  3260 | D:4      | 3260 ||| CASTING Summon Small Mammal
  3261 | D:4      | 3261 ||| CASTING Summon Small Mammal
  3262 | D:4      | 3262 ||| CASTING Summon Small Mammal
  3282 | D:4      | Reached skill level 3 in Fighting
  3287 | D:4      | 3287 ||| CASTING Summon Small Mammal
  3288 | D:4      | 3288 ||| CASTING Summon Small Mammal
  3315 | D:4      | 3315 ||| CASTING Summon Small Mammal
  3316 | D:4      | 3316 ||| CASTING Summon Small Mammal
  3317 | D:4      | 3317 ||| CASTING Summon Small Mammal
  3318 | D:4      | 3318 ||| CASTING Summon Small Mammal
  3363 | D:4      | Noticed Robin
  3373 | D:4      | Killed Robin
  3450 | D:4      | 3450 ||| Stepping ~*~*~tactically~*~*~ (hiding).
  3451 | D:4      | 3451 ||| Stepping ~*~*~tactically~*~*~ (hiding).
  3464 | D:4      | 3464 ||| DRINKING 2 potions of curing.
  3464 | D:4      | 3464 ||| (to cure confusion)
  3467 | D:4      | Reached skill level 1 in Armour
  3467 | D:4      | Reached XP level 7. HP: 57/57 MP: 8/8
  3601 | D:4      | Noticed Menkaure
  3602 | D:4      | 3602 ||| Stepping ~*~*~tactically~*~*~ (hiding).
  3604 | D:4      | 3604 ||| Stepping ~*~*~tactically~*~*~ (hiding).
  3626 | D:4      | Killed Menkaure
  3828 | D:4      | Noticed Ijyb
  3830 | D:4      | 3830 ||| DRINKING potion of curing.
  3830 | D:4      | 3830 ||| (to cure confusion)
  3887 | D:4      | Killed Ijyb
  3946 | D:4      | Identified the amulet "Gioc Inokh" {Reflect rPois Int+4
                  | Dex+6 SH+5}
  4020 | D:4      | 4020 ||| CASTING Summon Small Mammal
  4021 | D:4      | 4021 ||| CASTING Summon Small Mammal
  4022 | D:4      | 4022 ||| CASTING Summon Small Mammal
  4023 | D:4      | 4023 ||| CASTING Summon Small Mammal
  4024 | D:4      | 4024 ||| CASTING Summon Small Mammal
  4025 | D:4      | 4025 ||| CASTING Summon Small Mammal
  4026 | D:4      | 4026 ||| CASTING Summon Small Mammal
  4027 | D:4      | 4027 ||| CASTING Summon Small Mammal
  4035 | D:4      | Reached skill level 1 in Throwing
  4200 | D:4      | 4200 ||| UPGRADING to +0 helmet.
  4205 | D:4      | 4205 ||| UPGRADING to amulet "Gioc Inokh" {Reflect rPois
                  | Int+4 Dex+6 SH+5}.
  4215 | D:4      | 4215 ||| DROPPING amulet of reflection.
  4216 | D:4      | 4216 ||| READING scroll labelled NAULOKHL EWUGU.
  4217 | D:4      | 4217 ||| READING scroll labelled REUKISEICW.
  4218 | D:4      | 4218 ||| READING 2 scrolls labelled GITHYL SUZURUIRODY.
  4219 | D:4      | 4219 ||| DRINKING 2 brown potions.
  4220 | D:4      | 4220 ||| READING 2 scrolls of identify.
  4220 | D:4      | 4220 ||| IDENTIFYING green potion
  4221 | D:4      | 4221 ||| DROPPING potion of attraction.
  4222 | D:4      | 4222 ||| DROPPING scroll of summoning.
  4227 | D:5      | Entered Level 5 of the Dungeon
  4276 | D:5      | Found an ancient bone altar of Kikubaaqudgha.
  4314 | D:5      | 4314 ||| CASTING Summon Small Mammal
  4315 | D:5      | 4315 ||| CASTING Summon Small Mammal
  4316 | D:5      | 4316 ||| CASTING Summon Small Mammal
  4317 | D:5      | 4317 ||| CASTING Summon Small Mammal
  4318 | D:5      | 4318 ||| CASTING Summon Small Mammal
  4319 | D:5      | 4319 ||| CASTING Summon Small Mammal
  4320 | D:5      | 4320 ||| CASTING Summon Small Mammal
  4321 | D:5      | 4321 ||| CASTING Summon Small Mammal
  4410 | D:5      | Noticed Sigmund
  4439 | D:5      | Reached XP level 8. HP: 37/67 MP: 9/9
  4440 | D:5      | HP: 15/67 [orc warrior/+0 morningstar (13)]
  4445 | D:5      | HP: 4/67 [orc warrior/+0 morningstar (8)]
  4446 | D:5      | Reached skill level 6 in Axes
  4448 | D:5      | Slain by an orc warrior

Levels and vault maps discovered:
D:1:      lemuel_arrival_muddy, layout_basic, fountainhead, minmay_bisected
D:2:      layout_rooms, minmay_quantized
D:3:      layout_basic, chequers_ecumenical_altar_simple_redux
D:4:      layout_basic, serial_shops, kennysheep_mini_moat, uniq_ijyb,
          uniq_menkaure, uniq_grinder, uniq_robin
D:5:      layout_basic, amcnicky_altar_gilded, st_stairs_4, uniq_sigmund

Skill      XL: |  1  2  3  4  5  6  7  8 |
---------------+-------------------------+-----
Axes           | 1 2 3 5 6 |  6.0
Fighting       | 1 2 3 4 |  4.5
Armour         | 1 |  1.2
Throwing       | 1 |  1.3
Dodging        | 2 |  2.7
Stealth        | |  2.1
Spellcasting   | |  1.7
Summonings     | |  3.6

Action                   |  1- 3 |  4- 6 |  7- 9 || total
-------------------------+-------+-------+-------++-------
Melee: Unarmed           |    19 |       |       ||    19
       Hand axe          |    60 |   206 |   134 ||   400
       Punch             |       |       |     1 ||     1
Throw: Boomerang         |    17 |     1 |       ||    18
 Cast: Summon Small Mamm |    51 |    35 |    13 ||    99
  Use: Scroll            |     2 |     6 |     4 ||    12
       Potion            |       |     2 |     2 ||     4
 Stab: Distracted        |     1 |     1 |       ||     2
Armor: Robe              |     4 |       |       ||     4
       Leather armour    |    13 |     4 |       ||    17
       Ring mail         |       |   111 |    71 ||   182
Dodge: Dodged            |    47 |    89 |    81 ||   217
Block: Other             |    17 |    52 |    26 ||    95
       Reflection        |     1 |     2 |       ||     3

Table legend:
 A = Non-vault XP
 B = Vault XP
 C = Vault XP percentage of total XP
 D = Non-vault monster count
 E = Vault monster count
 F = Vault count percentage of total count
                 A         B        C        D         E       F
            +---------+---------+-------+---------+---------+-------
      Total |     670 |     561 |  45.6 |      65 |      21 |  24.4
            +---------+---------+-------+---------+---------+-------
        D:1 |      22 |       5 |  18.5 |      12 |       3 |  20.0
        D:2 |      49 |      18 |  26.9 |      16 |       4 |  20.0
        D:3 |      78 |       0 |   0.0 |      17 |       0 |   0.0
        D:4 |     224 |     538 |  70.6 |      12 |      14 |  53.8
        D:5 |     297 |       0 |   0.0 |       8 |       0 |   0.0
            +---------+---------+-------+---------+---------+-------
